 Dungeon Crawl Stone Soup version 0.19-a0-1341-g3513869 (webtiles) character file.

247 4thArraOfDagon the Ruffian (level 5, 0/67 HPs)
             Began as a Troll Ice Elementalist on Sept 1, 2016.
             Succumbed to a scorpion's poison
             ... on level 4 of the Dungeon.
             The game lasted 00:01:42 (298 turns).

4thArraOfDagon the Ruffian (Troll Ice Elementalist)  Turns: 298, Time: 00:01:43

Health: 0/67       AC:  5    Str: 21    XL:     5   Next: 85%
Magic:  5/5        EV: 10    Int: 12    God:
Gold:   24         SH:  0    Dex: 10    Spells: 1 memorised, 5 levels left

rFire  . . .     SeeInvis .       - Unarmed
rCold  . . .     Gourm    +     a - +0 robe
rNeg   . . .     Faith    .     (no shield)
rPois  .         Spirit   .     (helmet restricted)
rElec  .         Dismiss  .     (no cloak)
rCorr  .         Reflect  .     (gloves unavailable)
MR     .....     Harm     .     (boots unavailable)
Stlth  ..........               (no amulet)
                                (no ring)
                                (no ring)

@: berserking, lethally poisoned (0 -> -2), very quick
A: unfitting armour, claws 3, fast metabolism 3, gourmand, regeneration 1,
shaggy fur 1, tough skin 2
a: no special abilities


You were on level 4 of the Dungeon.
You were not hungry.

You visited 1 branch of the dungeon, and saw 4 of its levels.

You collected 24 gold pieces.

Inventory:

Hand Weapons
 g - a +0 giant spiked club
Armour
 a - a +0 robe (worn)
Scrolls
 e - a scroll of identify {unknown}
 f - a scroll of enchant weapon {unknown}
Books
 b - a book of Frost

   Spells                             Type                      Level
   a - Freeze                         Ice                          1
   b - Throw Frost                    Conjuration/Ice              2
   c - Ozocubu's Armour               Charms/Ice                   3
   d - Throw Icicle                   Conjuration/Ice              4
   e - Summon Ice Beast               Ice/Summoning                4
Comestibles
 c - 3 bread rations
 d - a slice of pizza


   Skills:
 - Level 1.5 Dodging
 - Level 1.1 Stealth
 * Level 5.8 Unarmed Combat
 - Level 1.2 Spellcasting
   Level 0.6 Conjurations
 - Level 2.1 Ice Magic


You had 5 spell levels left.
You knew the following spells:

 Your Spells              Type           Power        Failure   Level  Hunger
a - Freeze                Ice            #...         12%         1    ##.....


Dungeon Overview and Level Annotations

Branches:
Dungeon (4/15)
 Temple: D:4-7

Altars:


Innate Abilities, Weirdness & Mutations

You are too large for most types of armour.
You have claws for hands.
Your metabolism is lightning-fast.
You like to eat raw meat.
Your natural rate of healing is unusually fast.
You are covered in fur. (AC +1)
You have very tough skin. (AC +2)


Message History

* * * LOW HITPOINT WARNING * * *
You claw the scorpion!
The scorpion is severely wounded.
The scorpion stings you.
* * * LOW HITPOINT WARNING * * *
You are more poisoned.
The scorpion poisons you!
You barely miss the scorpion.
The scorpion is severely wounded.
You feel sick. The scorpion stings you.
* * * LOW HITPOINT WARNING * * *
Unknown command.
Unknown command.
* * * LOW HITPOINT WARNING * * *
You feel sick.
Unknown command.
It was a potion of berserk rage.
A red film seems to cover your vision as you go berserk!
You feel yourself moving faster!
You feel mighty!
You die...

#... +... .. #...###.. .
#.....#.# # #.##..(..#.#
# .........#.### #
.............+ +
........@..# #
#..###s#..# ### #...#..#
..... #...###.<#
..O...... #.w. #..#
#...#....
#...###..#+####..ยง#....
..............##...#....
......###.#....##...#....
.... #.#....##...#....


You could see a worm and a scorpion.

Vanquished Creatures
  2 ogres
  2 orc wizards (D:4)
  2 adders
  An orc (D:4)
  A goblin (D:3)
  3 rats
11 creatures vanquished.

Notes
Turn   | Place    | Note
-------+----------+-------------------------------------------
     0 | D:1      | 4thArraOfDagon the Troll Ice Elementalist began the quest for the Orb.
     0 | D:1      | Reached XP level 1. HP: 16/16 MP: 1/1
   105 | D:2      | Reached skill level 1 in Unarmed Combat
   105 | D:2      | Reached XP level 2. HP: 22/24 MP: 2/2
   107 | D:3      | Noticed an ogre
   120 | D:3      | Reached skill level 2 in Unarmed Combat
   136 | D:3      | Killed an ogre
   136 | D:3      | Reached skill level 4 in Unarmed Combat
   136 | D:3      | Reached XP level 3. HP: 30/31 MP: 3/3
   136 | D:3      | Reached XP level 4. HP: 38/39 MP: 4/4
   203 | D:4      | Noticed an ogre
   222 | D:4      | Reached XP level 5. HP: 30/45 MP: 5/5
   250 | D:4      | Killed an ogre
   250 | D:4      | Reached skill level 5 in Unarmed Combat
   296 | D:4      | HP: 1/45 [scorpion (4)]
   298 | D:4      | Succumbed to a scorpion's poison

Vault maps used:
D:1:      onia_arrival_mini_maze, minmay_gold_behind_fungi
D:2:      overflow_temple_1_default, elyvilon_altar_1, st_stairs_7,
          hangedman_decor_points
D:3:      nrook_mini_vaults, uniq_robin, uniq_sigmund
D:4:      first_bread

Skill      XL: |  1  2  3  4  5 |
---------------+----------------+-----
Unarmed Combat | 1 4 5 |  5.8
Dodging        | |  1.5
Stealth        | |  1.1
Spellcasting   | |  1.2
Conjurations   | |  0.6
Ice Magic      | |  2.1

Action                   |  1- 3 |  4- 6 || total
-------------------------+-------+-------++-------
Melee: Unarmed           |    21 |    20 ||    41
  Use: Potion            |       |     1 ||     1
Armor: Robe              |     6 |     5 ||    11
Dodge: Dodged            |    17 |     4 ||    21
